 Dungeon Crawl Stone Soup version 0.18-a0-628-gc02dfad (webtiles) character file.

331 FishmanTm the Insei (level 6, -9/47 HPs)
             Began as a Merfolk Transmuter on Dec 4, 2015.
             Was a Believer of Cheibriados.
             Mangled by an ogre
             ... wielding a +0 giant spiked club
              (28 damage)
             ... on level 4 of the Dungeon.
             The game lasted 00:09:03 (3899 turns).

FishmanTm the Insei (Merfolk Transmuter)            Turns: 3899, Time: 00:09:03

Health: -9/47      AC:  2    Str: 15    XL:     6   Next: 51%
Magic:  1/9        EV: 21    Int: 19    God:    Cheibriados [**....]
Gold:   196        SH:  0    Dex: 25    Spells: 3 memorised, 3 levels left

rFire  . . .     SeeInvis .       - Unarmed
rCold  . . .     Clarity  .     (armour currently unavailable)
rNeg   . . .     SustAt   .     (shield currently unavailable)
rPois  x         Gourm    .     (helmet currently unavailable)
rElec  .         Spirit   .     (cloak currently unavailable)
rCorr  .         Dismiss  .     (gloves currently unavailable)
rMut   .         Stasis   .     (boots currently unavailable)
MR     .....                    (no amulet)
Stlth  ++........               (no ring)
                                (no ring)

@: spider-form, very slow, not resistant to hostile enchantments, unstealthy
A: (change form in water), (swift swim)
a: End Transformation, Bend Time, Renounce Religion


You were on level 4 of the Dungeon.
You worshipped Cheibriados.
Cheibriados was pleased with you.
You were hungry.
You were a venomous arachnid creature.
You visited 1 branch of the dungeon, and saw 4 of its levels.

You collected 196 gold pieces.

Inventory:

Missiles
 a - 47 arrows
Armour
 b - a +0 robe (melded)
Jewellery
 l - a cursed amulet of inaccuracy {unknown}
 o - a cursed ring of loudness {unknown}
 q - an uncursed ring of fire {unknown}
 w - a cursed -2 ring of dexterity {unknown}
Wands
 g - a wand of invisibility (3)
 h - a wand of digging (15)
Scrolls
 p - a scroll of recharging {unknown}
Potions
 e - a potion of might {unknown}
 f - a potion of haste {unknown}
 i - 2 potions of ambrosia {unknown}
 j - 2 potions of magic {unknown}
 k - a potion of curing {unknown}
 m - a potion of agility {unknown}
 t - a potion of cure mutation {unknown}
 u - a potion of flight {unknown}
Books
 c - a book of Changes

   Spells                             Type                      Level
   a - Beastly Appendage              Transmutation                1
   b - Sticks to Snakes               Transmutation                2
   c - Spider Form                    Transmutation/Poison         3
   d - Ice Form                       Ice/Transmutation            4
   e - Blade Hands                    Transmutation                5
Comestibles
 d - 4 bread rations
 n - 3 beef jerkies
 s - a meat ration


   Skills:
 - Level 3.4 Fighting
 - Level 2.6 Dodging
 + Level 5.6 Unarmed Combat
 - Level 2.0 Spellcasting
 - Level 5.0 Transmutations
 - Level 1.4 Invocations


You had 3 spell levels left.
You knew the following spells:

 Your Spells              Type           Power        Failure   Level  Hunger
a - Beastly Appendage     Trmt           ###...       8%          1    #......
b - Sticks to Snakes      Trmt           ###.....     12%         2    ###....
c - Spider Form           Trmt/Pois      ##........   36%         3    ###....


Dungeon Overview and Level Annotations

Branches:
Dungeon (4/15)             Temple (0/1) D:4

Altars:
Cheibriados
Okawaru
Vehumet


Message History

You are too injured to fight recklessly!
Unknown command.
Casting: Spider Form
Confirm with . or Enter, or press ? or * to list all spells.
You turn into a venomous arachnid creature.
Your +0 robe melds into your body.
The ogre closely misses you.
Unknown command.
The flow of time bends around you.
The ogre resists with some effort.
You feel slightly more hungry. The ogre barely misses you.
Unknown command.
You bite the ogre!
The ogre is heavily wounded.
The ogre misses you.
You hit the ogre.
The ogre is heavily wounded.
You hit the ogre.
The ogre is poisoned.
The ogre is severely wounded.
The ogre hits you with a giant spiked club!!
Ouch! That really hurt!
You die...

... #.# ... ..# (.
..# .. #.# #'
##########.# #### #>
......).##.# #...
#.########)##.###...
#.Os................
##.#..####..........
#......###)........
#..§............###
#...§§.......####
##.§§§.......#
#...........#
##########..#
#####..#


You could see an ogre.

Vanquished Creatures
  A crimson imp (D:4)
  An iguana (D:4)
  A hound skeleton (D:4)
  12 adders
  5 gnolls
  2 oozes (D:1)
  2 giant geckos
  4 orcs
  10 bats
  3 giant cockroaches
  6 goblins
  9 hobgoblins
  3 jackals (D:3)
  A ball python (D:2)
  2 giant newts
  8 kobolds
  A quokka skeleton (D:4)
  5 rats
76 creatures vanquished.

Vanquished Creatures (collateral kills)
  A jelly (D:4)
1 creature vanquished.

Grand Total: 77 creatures vanquished

Notes
Turn   | Place    | Note
--------------------------------------------------------------
     0 | D:1      | FishmanTm the Merfolk Transmuter began the quest for the Orb.
     0 | D:1      | Reached XP level 1. HP: 15/15 MP: 3/3
   451 | D:1      | Reached XP level 2. HP: 16/23 MP: 5/5
   630 | D:1      | Learned a level 2 spell: Sticks to Snakes
   769 | D:1      | Reached XP level 3. HP: 25/29 MP: 4/6
   774 | D:1      | Learned a level 3 spell: Spider Form
  1472 | D:2      | Found a radiant altar of Vehumet.
  1473 | D:2      | Found a snail-covered altar of Cheibriados.
  1565 | D:2      | Became a worshipper of Cheibriados the Contemplative
  1697 | D:2      | Reached XP level 4. HP: 26/35 MP: 2/7
  1701 | D:2      | Reached skill level 1 in Invocations
  2049 | D:2      | Reached * piety under Cheibriados
  2167 | D:2      | Reached skill level 4 in Transmutations
  2839 | D:3      | Reached XP level 5. HP: 41/41 MP: 5/8
  2920 | D:3      | Reached skill level 5 in Transmutations
  3103 | D:3      | Found an iron altar of Okawaru.
  3192 | D:3      | Reached ** piety under Cheibriados
  3510 | D:4      | Reached XP level 6. HP: 45/47 MP: 6/9
  3549 | D:4      | Reached skill level 5 in Unarmed Combat
  3692 | D:4      | Found a staircase to the Ecumenical Temple.
  3899 | D:4      | Mangled by an ogre

Vault maps used:
D:1:      lightli_arrival_windingriver
D:2:      gammafunk_temple_overflow_statue, roderic_lattice_a
D:3:      okawaru_metal_pillars_3, first_bread
D:4:      minmay_opposing_rooms, minmay_temple_entry_purple_smoke

Action                   |  1- 3 |  4- 6 || total
-------------------------+-------+-------++-------
Melee: Unarmed           |    97 |   140 ||   237
 Cast: Beastly Appendage |    25 |    13 ||    38
       Sticks to Snakes  |     2 |     4 ||     6
       Spider Form       |     1 |    16 ||    17
Invok: Bend Time         |       |     1 ||     1
 Abil: End Transformatio |       |     2 ||     2
  Use: Scroll            |       |     4 ||     4
 Stab: Sleeping          |     3 |     1 ||     4
  Eat: Chunk             |     3 |     6 ||     9
